 Dungeon Crawl Stone Soup version 0.28-a0-1159-g27aa881441 (webtiles) character file.

Game seed: 16723030489360601407

423 ders the Digger (level 6, -1/32 HPs)
             Began as a Gargoyle Earth Elementalist on Dec 15, 2021.
             Shot with an arrow by a centaur (10 damage)
             ... on level 6 of the Dungeon.
             The game lasted 00:04:40 (3839 turns).

ders the Digger (Gargoyle Earth Elementalist)       Turns: 3839, Time: 00:04:40

Health: -1/32      AC:  7    Str: 12    XL:     6   Next: 95%
Magic:  12/12      EV: 11    Int: 17    God:
Gold:   143        SH:  0    Dex: 10    Spells: 9/13 levels left

rFire   . . .      SeeInvis .   o - +6 dagger of Jaackag {freeze, rElec}
rCold   . . .      Faith    .   (no shield)
rNeg    + . .      Spirit   .   b - +0 robe
rPois   ∞          Reflect  .   (no helmet)
rElec   +          Harm     .   (no cloak)
rCorr   .          Rampage  .   (no gloves)
Will    .....                   n - +0 pair of boots
Stlth   ++........              (no amulet)
HPRegen 0.10/turn               (no ring)
MPRegen 0.13/turn               (no ring)

@: no status effects
A: sickness immunity, AC +4, negative energy resistance 1, electricity
resistance, torment resistance 1, petrification resistance
a: no special abilities


You were on level 6 of the Dungeon.
You visited 2 branches of the dungeon, and saw 7 of its levels.

You collected 143 gold pieces.

Inventory:

Hand Weapons
 a - a +0 dagger
 o - the +6 dagger of Jaackag (weapon) {freeze, rElec}
   (You found it on level 7 of the Dungeon)

   It freezes those it strikes, dealing additional cold damage.
   It can also slow down cold-blooded creatures.
   rElec:     It insulates you from electricity.
Missiles
 c - 88 stones
Armour
 b - a +0 robe (worn)
 n - a +0 pair of boots (worn)
Wands
 k - a wand of iceblast (10)
Scrolls
 d - 2 scrolls of teleportation {unknown}
 e - 2 scrolls of acquirement {unknown}
 f - 2 scrolls of identify {unknown}
 i - a scroll of noise {unknown}
 j - a scroll of brand weapon {unknown}
Potions
 g - a potion of brilliance {unknown}
 l - a potion of ambrosia {unknown}
 m - a potion of degeneration {unknown}


   Skills:
 - Level 1.5 Dodging
 - Level 2.1 Stealth
 * Level 4.1 Spellcasting
 * Level 4.1 Conjurations
 + Level 1.5 Transmutations
 + Level 5.6 Earth Magic


You had 9 spell levels left.
You knew the following spells:

 Your Spells              Type           Power      Damage    Failure   Level
a - Sandblast             Erth           44%        2d11      1%          1
b - Stone Arrow           Conj/Erth      40%        3d9       6%          3

Your spell library contained the following spells:

 Spells                   Type           Power      Damage    Failure   Level
 Passwall                 Tmut/Erth      12%        N/A       5%          2
 Freeze                   Ice            12%        1d4       16%         1
 Petrify                  Tmut/Erth      15%        N/A       34%         4
 Frozen Ramparts          Ice            6%         1d2       43%         3
 Hailstorm                Conj/Ice       10%        3d5       54%         4
 Irradiate                Conj/Tmut      6%         3d15      80%         5
 Blade Hands              Tmut           4%         N/A       93%         5
 Dragon Form              Tmut           4%         N/A       100%        7


Dungeon Overview and Level Annotations

Branches:
Dungeon (7/15)             Temple (1/1) D:6

Altars:
Cheibriados
Dithmenos
Elyvilon
Fedhas
Gozag
Kikubaaqudgha
Makhleb
Nemelex Xobeh
Qazlal
Trog
Uskayaw
Xom
Yredelemnul
Zin

Shops:
D:1 [


Innate Abilities, Weirdness & Mutations

You are immune to sickness and miasma.
Your stone body is resilient. (AC +4)
You are immune to poison.
You resist negative energy. (rN+)
You are resistant to electric shocks. (rElec)
You are resistant to unholy torment.
You are immune to petrification.


Message History

The centaur skeleton hits you.
The centaur skeleton closely misses you.
Casting: Stone Arrow (quite dangerous; 7% risk of failure)
Confirm with . or Enter, or press ? or * to list all spells.
You don't have enough magic to cast this spell.
You hit the centaur skeleton.
The centaur skeleton is almost destroyed.
The centaur skeleton barely misses you.
The centaur skeleton kicks you but does no damage.
You hit the centaur skeleton.
The centaur skeleton is almost destroyed.
The centaur skeleton hits you but does no damage.
The centaur skeleton kicks you but does no damage.
You hit the centaur skeleton.
You destroy the centaur skeleton!
Unknown command.
Unknown command.
Unknown command.
Unknown command.
Unknown command.
You start resting.
HP restored.
You start resting.
Magic restored.
You open the door.
There is an open door here.
A centaur comes into view.
Found an escape hatch in the ceiling.
The centaur shouts!
The centaur wields a +0 shortbow.
The centaur shoots an arrow.
The arrow hits you!
A scorpion comes into view.
A centaur is nearby!
The centaur shoots an arrow.
The arrow closely misses you.
There is an open door here.
The centaur shoots an arrow.
The arrow hits you!
The centaur shoots an arrow.
The arrow hits you!
* * * LOW HITPOINT WARNING * * *
You feel better.
The centaur shoots an arrow.
The arrow hits you!
You die...

.. .# .# ##+# .### ##...##
...# ##.....## ### ##.##
##.......## ##.##
#...##.#.........####...##
.......+.........'...c...#
....>..#........@####...##
##.######.......##
##.....# #8>8# ##.....##
##.#### ##..# ##...## .#
##.# ###'### .# ##.##
#..)..# .# #...#####.....#
c# #.#...........# s#
#...#####.....#


You could see a centaur.

Vanquished Creatures
  A water moccasin (D:7)
  An ogre (D:6)
  An orc priest (D:3)
  A centaur skeleton (D:6)
  Terence (D:3)
  4 gnolls (D:3)
  A howler monkey skeleton (D:3)
  4 adders
  A shadow imp (D:7)
  A worm (D:2)
  5 orcs
  2 ball pythons
  4 endoplasms
  2 giant cockroaches
  3 goblins
  3 hobgoblins
  4 quokkas
  5 bats
  5 frilled lizards
  8 kobolds (D:1)
  8 rats
65 creatures vanquished.

Vanquished Creatures (others)
  4 plants (D:1)
4 creatures vanquished.

Grand Total: 69 creatures vanquished

Notes
Turn   | Place    | Note
-------+----------+-------------------------------------------
     0 | D:1      | ders the Gargoyle Earth Elementalist began the quest for
                  | the Orb.
     0 | D:1      | Reached XP level 1. HP: 10/10 MP: 3/3
   148 | D:1      | Reached XP level 2. HP: 12/15 MP: 0/5
   164 | D:1      | Reached skill level 1 in Conjurations
   429 | D:1      | Found Emegudoi's Antique Armour Shop.
   691 | D:1      | Reached skill level 4 in Earth Magic
  1146 | D:2      | Reached XP level 3. HP: 19/19 MP: 2/6
  1654 | D:2      | Found a stormy altar of Qazlal.
  1816 | D:3      | Reached XP level 4. HP: 24/24 MP: 4/8
  2216 | D:3      | Reached XP level 5. HP: 28/28 MP: 6/9
  2264 | D:3      | Found a white marble altar of Elyvilon.
  2585 | D:3      | Found a faded altar of an unknown god.
  2657 | D:3      | Reached skill level 5 in Earth Magic
  2848 | D:3      | Learned a level 3 spell: Stone Arrow
  3031 | D:3      | Noticed Terence
  3036 | D:3      | Killed Terence
  3087 | D:3      | Found a shimmering altar of Xom.
  3320 | D:4      | You fall into a shaft and drop 3 floors!
  3320 | D:7      | Found a blossoming altar of Fedhas.
  3400 | D:7      | Identified the +6 dagger of Jaackag {freeze, rElec}
  3420 | D:7      | Noticed a water moccasin
  3423 | D:7      | Killed a water moccasin
  3424 | D:7      | Reached skill level 1 in Transmutations
  3424 | D:7      | Reached XP level 6. HP: 32/32 MP: 1/11
  3590 | D:6      | Noticed a sky beast
  3629 | D:6      | Found a staircase to the Ecumenical Temple.
  3634 | Temple   | Entered the Ecumenical Temple
  3839 | D:6      | Shot with an arrow by a centaur

Illustrated notes

Levels and vault maps discovered:
D:1:      minmay_arrival_solitary_statue, layout_loops_cross, serial_shops,
          nicolae_shop_advertising_works [nicolae_subvault_shop_adworks],
          amethyst_killhole, chequers_decorated_corner, lexackson_kobold_supper
D:2:      layout_basic, basic_altar, grunt_ministairs_15,
          chequers_serial_rivers_micro_b
D:3:      kennysheep_big_flooded_room, layout_loops_ring,
          mainiacjoe_overflow_concentric_impassable, lemuel_tele_altar,
          dreamdust_ecumenical_altar_angels_and_demons,
          chequers_serial_rivers_large_b, grunt_ministairs_4, uniq_terence
D:4:      layout_cave_pods, mainiacjoe_overflow_surrounded_room, serial_shops,
          nicolae_shop_hallway_stairs
D:6:      layout_loops_corners, temple_statues, uniq_menkaure, uniq_grinder
D:7:      minmay_slanted_spiral_squares, layout_basic, fedhas_altar_1,
          gammafunk_ghost_grave, minmay_misc_feat_roman,
          kennysheep_windowed_goal
Temple:   eino_temple_lava

Skill      XL: |  1  2  3  4  5  6 |
---------------+-------------------+-----
Conjurations   | 1 2 3 4 |  4.1
Earth Magic    | 4 5 |  5.6
Spellcasting   | 3 4 |  4.1
Transmutations | 1 |  1.5
Dodging        | |  1.5
Stealth        | |  2.1

Action                   |  1- 3 |  4- 6 || total
-------------------------+-------+-------++-------
Melee: Dagger            |    14 |     4 ||    18
       Unarmed           |     2 |       ||     2
 Cast: Sandblast         |    46 |    35 ||    81
       Stone Arrow       |       |    10 ||    10
  Use: Potion            |       |     3 ||     3
Armor: Robe              |     9 |     8 ||    17
Dodge: Dodged            |    19 |    13 ||    32

Table legend: (Time is in decaauts)
 A = Elapsed time spent in this place.
 B = Non-inter-level travel time spent in this place.
 C = Inter-level travel time spent in this place.
 D = Time resting spent in this place.
 E = Time spent auto-exploring this place.
 F = Levels seen in this place.
 G = Mean time per level.
                   A        B        C        D        E       F      G
               +--------+--------+--------+--------+--------+-----+--------+
         Total |   3866 |   3564 |    302 |    407 |   2703 |   7 |  552.3 |
       Dungeon |   3790 |   3494 |    296 |    407 |   2640 |   6 |  631.7 |
        Temple |     75 |     69 |      6 |      0 |     63 |   1 |   75.0 |
               +--------+--------+--------+--------+--------+-----+--------+

Top non-repeatable levels by time:
     D:3: 1560 daAuts
     D:1: 1124 daAuts
     D:2: 661 daAuts
     D:6: 255 daAuts
     D:7: 187 daAuts
  Temple: 75 daAuts
     D:4: 1 daAuts
